Griffins vs Patriotes
(R1)
Created - May 28, 2019 at 19:55
Goals
|
Griffins |
0 |
5 |
0 |
5 |
Patriotes |
0 |
3 |
0 |
3 |
|
Shots
|
Griffins |
9 |
18 |
7 |
34 |
Patriotes |
11 |
7 |
16 |
34 |
|
1st period
No Goal
Penalties :
No Penalty
2nd period
1. Griffins , J.T. Brown 2 (Nathan Oystrick 2, Keith Seabrook 4) at 6:58
2. Griffins , Robert Dome 5 (Nathan Gerbe 11, Simon Despres 6) at 7:39 (PP)
3. Patriotes , Jason Zucker 12 (Tyler Kennedy 11) at 8:44 (PP)
4. Patriotes , Christian Hanson 5 (Shane Sims 11, Matt Calvert 8) at 8:50
5. Griffins , Ben Hanowski 9 (Robert Dome 9) at 12:56 (PP)
6. Patriotes , Matt Calvert 9 (Timothy Kunes 11, Shane Sims 12) at 13:52 (PP)
7. Griffins , Tye McGinn 11 (Petr Pohl 8, Jamie Arniel 13) at 13:58
8. Griffins , Petr Pohl 5 (Ben Hanowski 5, Robert Dome 10) at 15:27
Penalties :
Jamie Arniel (Cap) for Tripping (Minor) at 0:22, Cody Eakin (Nyc) for Slashing (Minor) at 7:04, Petr Pohl (Cap) for Tripping (Minor) at 8:09, Justin Florek (Nyc) for Roughing (Minor) at 11:37, Simon Despres (Cap) for Holding (Minor) at 13:18, Tye McGinn (Cap) for Hooking (Minor) at 17:18, Andrew Gordon (Nyc) for Hooking (Minor) at 17:45
3rd period
No Goal
Penalties :
Petr Pohl (Cap) for Hooking (Minor) at 4:50, Nathan Oystrick (Cap) for Hooking (Minor) at 7:26, J.T. Brown (Cap) for Tripping (Minor) at 10:21, Christian Hanson (Nyc) for Boarding (Minor) at 15:33
Goalie Stats
Jean-Francois Berube (Cap), 31 saves from 34 shots - (0.912), W, 6-2-0, 60:00 minutes
Marek Schwarz (Nyc), 29 saves from 34 shots - (0.853), L, 7-6-0, 60:00 minutes
Players Stats for Griffins
Player Name G A P +/- PIM S H SB GA TA FO MP PP MP PK MP
------------------------------------------------------------------------------------
Anton Slepyshev 0 0 0 0 0 0 2 0 1 0 0/0 7:13 0:00 0:00
Ben Hanowski 1 1 2 -1 0 6 2 0 2 0 2/3 20:23 1:37 5:20
Brendan Woods 0 0 0 0 0 0 1 0 0 0 0/0 8:01 0:08 0:00
Bryan Young 0 0 0 2 0 1 0 1 0 0 0/0 25:03 0:17 6:17
Connor Brown 0 0 0 1 0 1 0 0 1 0 0/0 12:12 0:10 0:00
J.T. Brown 1 0 1 1 2 2 1 1 0 0 0/0 13:04 0:00 1:14
Jamie Arniel 0 1 1 2 2 1 5 0 0 0 19/35 20:18 2:35 4:23
Keith Seabrook 0 1 1 1 0 1 0 0 0 0 0/0 15:54 1:26 0:00
Mark Jankowski 0 0 0 0 0 0 0 0 0 0 1/3 9:59 0:00 1:40
Mirco Mueller 0 0 0 0 0 0 0 0 0 0 0/0 5:12 0:00 0:02
Nathan Gerbe 0 1 1 -1 0 3 0 0 0 0 0/0 15:55 1:35 0:47
Nathan Oystrick 0 1 1 1 2 2 0 0 0 0 0/0 11:53 0:00 2:28
Petr Pohl 1 1 2 2 4 4 0 0 0 1 1/1 17:52 2:35 1:59
Petter Granberg 0 0 0 -1 0 0 3 0 0 0 0/0 17:33 2:54 0:47
Quinton Howden 0 0 0 1 0 1 0 0 0 0 3/7 11:20 0:00 0:17
Robert Dome 1 2 3 -1 0 3 2 0 1 1 7/14 13:57 1:37 0:00
Simon Despres 0 1 1 2 2 2 2 0 0 1 0/0 23:57 2:37 3:31
Ty Wishart 0 0 0 -1 0 0 1 2 0 0 0/0 20:27 1:26 5:59
Tye McGinn 1 0 1 2 2 7 1 0 1 0 0/1 18:36 2:43 3:24
Players Stats for Patriotes
Player Name G A P +/- PIM S H SB GA TA FO MP PP MP PK MP
------------------------------------------------------------------------------------
Aleksander Barkov 0 0 0 -2 0 0 2 0 0 0 0/4 9:14 0:00 0:00
Andrew Gordon 0 0 0 1 2 1 0 0 0 1 0/1 16:12 4:05 0:17
Austin Watson 0 0 0 0 0 0 1 0 0 0 0/0 8:59 0:00 0:14
Borna Rendulic 0 0 0 0 0 0 0 0 0 0 0/0 1:42 0:05 0:05
Christian Hanson 1 0 1 1 2 4 1 1 0 0 9/14 16:40 4:06 0:00
Cody Eakin 0 0 0 -1 2 4 2 0 0 0 13/28 23:05 5:26 2:25
Dale Weise 0 0 0 0 0 0 1 0 0 0 0/0 0:49 0:00 0:05
David Kolomatis 0 0 0 0 0 4 0 1 0 2 0/0 23:51 3:06 1:17
Dillon Heatherington 0 0 0 0 0 0 0 1 0 1 0/0 10:41 0:00 0:05
Emerson Etem 0 0 0 0 0 2 2 0 1 0 0/0 7:51 0:00 0:00
Jared Knight 0 0 0 0 0 1 2 0 0 0 2/5 7:51 0:00 0:00
Jason Zucker 1 0 1 -1 0 5 2 1 0 1 1/2 21:42 5:26 1:17
Justin Florek 0 0 0 -2 2 0 1 0 0 0 0/0 9:25 0:00 0:00
Mario Lucia 0 0 0 0 0 0 0 0 0 0 0/0 0:00 0:00 0:00
Matt Calvert 1 1 2 1 0 2 1 0 0 0 1/2 15:53 4:06 0:00
Maxim Mamin 0 0 0 0 0 0 0 0 0 0 0/0 0:00 0:00 0:00
Riley Barber 0 0 0 0 0 0 0 0 0 0 0/0 0:00 0:00 0:00
Robert Baillargeon 0 0 0 0 0 0 0 0 0 0 0/0 1:05 0:00 0:11
Ryan Fitzgerald 0 0 0 0 0 0 0 0 0 0 0/0 1:18 0:00 1:03
Shane Sims 0 2 2 -2 0 3 2 1 0 0 0/0 29:50 6:26 3:03
Shea Theodore 0 0 0 0 0 0 1 1 1 0 0/0 21:15 3:06 1:17
Timothy Kunes 0 1 1 -2 0 1 2 3 0 1 0/0 31:43 6:26 2:58
Tyler Kennedy 0 1 1 -1 0 7 2 0 1 0 5/8 23:38 5:21 3:03
Tyler Randell 0 0 0 -2 0 0 0 2 0 0 0/0 11:20 0:00 0:00
3 Stars
1 - Robert Dome (Cap)
2 - Ben Hanowski (Cap)
3 - Matt Calvert (Nyc)
Power Play
Griffins - 2 on 4 Attempt(s) - 50.00%
Patriotes - 2 on 7 Attempt(s) - 28.57%
Penalty Kill
Griffins - 5 on 7 Attempt(s) - 71.43%
- Score 0 goal in Penalty Kill
Patriotes - 2 on 4 Attempt(s) - 50.00%
- Score 0 goal in Penalty Kill
Team Stat
Griffins - Hits : 20 - Faceoff Wins : 33 - Blocked Shots : 4 - Penalty Minutes : 14
Patriotes - Hits : 22 - Faceoff Wins : 31 - Blocked Shots : 11 - Penalty Minutes : 8
Official
Referees : Unknown
Linesman : Unknown
Game Notes
12:56 of 2nd period - Griffins goal is going for a video replay. After video review, Goal.
Finance
Level 1 -- Attendance: 2000 (100.00%) -- Ticket Income $80,000
Level 2 -- Attendance: 1000 (100.00%) -- Ticket Income $20,000
Total Attendance: 3000 (100.00%)
Total Ticket Income: $100,000
Other Income: $5,000
Total Income: $105,000
Griffins
5 vs 5 Forward
Center Left Wing Right Wing Time % Phy DF OF
1 Jamie Arniel Tye McGinn Petr Pohl 35 0 2 3
2 Robert Dome Nathan Gerbe Ben Hanowski 35 0 2 3
3 Quinton Howden J.T. Brown Connor Brown 20 0 2 3
4 Mark Jankowski Brendan Woods Anton Slepyshev 10 0 2 3
5 vs 5 Defense
Defense Defense Time % Phy DF OF
1 Simon Despres Bryan Young 40 0 2 3
2 Petter Granberg Ty Wishart 30 0 3 2
3 Nathan Oystrick Keith Seabrook 20 0 3 2
4 Mirco Mueller Keith Seabrook 10 1 2 2
PowerPlay Forward
Center Left Wing Right Wing Time % Phy DF OF
1 Jamie Arniel Tye McGinn Petr Pohl 60 0 1 4
2 Robert Dome Nathan Gerbe Ben Hanowski 40 0 1 4
PowerPlay Defense
Defense Defense Time % Phy DF OF
1 Petter Granberg Simon Despres 60 0 1 4
2 Ty Wishart Keith Seabrook 40 0 1 4
Penalty Kill 4 Players Forward
Center Wing Time % Phy DF OF
1 Jamie Arniel Ben Hanowski 60 1 2 2
2 Tye McGinn J.T. Brown 40 1 2 2
Penalty Kill 4 Players Defense
Defense Defense Time % Phy DF OF
1 Ty Wishart Bryan Young 60 1 2 2
2 Nathan Oystrick Simon Despres 40 1 2 2
Penalty Kill - 3 Players Forward
Forward Time % Phy DF OF
1 J.T. Brown 60 1 2 2
2 Jamie Arniel 40 1 2 2
Penalty Kill - 3 Players Defense
Defense Defense Time % Phy DF OF
1 Simon Despres Bryan Young 60 1 2 2
2 Nathan Oystrick Simon Despres 40 1 2 2
4 vs 4 Forward
Center Wing Time % Phy DF OF
1 Jamie Arniel Petr Pohl 50 1 2 2
2 Nathan Gerbe Tye McGinn 50 1 2 2
4 vs 4 Defense
Defense Defense Time % Phy DF OF
1 Simon Despres Keith Seabrook 60 1 2 2
2 Petter Granberg Bryan Young 40 1 2 2
Last Minutes Offensive
Center Left Wing Right Wing Defense Defense
Jamie Arniel Nathan Gerbe Petr Pohl Petter Granberg Simon Despres
Last Minutes Defensive
Center Left Wing Right Wing Defense Defense
Ben Hanowski Tye McGinn J.T. Brown Bryan Young Nathan Oystrick
Goaltenders
Starting : Jean-Francois Berube
Backup : Olivier Roy
Extra Forwards
Normal : Petr Pohl, Ben Hanowski, Connor Brown - PP : Connor Brown, Robert Dome - PK : Petr Pohl
Extra Defensemen
Normal : Simon Despres, Petter Granberg, Bryan Young - PP : Bryan Young - PK : Petter Granberg, Ty Wishart
Penalty Shots
Nathan Gerbe, Jamie Arniel, Connor Brown, Robert Dome, Petr Pohl
Scratches
Vladislav Namestnikov (Healthy), Garrett Wilson (Healthy), Tanner Kero (Healthy), Greg McKegg (Healthy), Jerome Gauthier-Leduc (Healthy)
Nicholas Baptiste (Healthy), Konrad Abeltshauser (Healthy), Tomas Hyka (Healthy), Brian Hart (Healthy), Ian McCoshen (Healthy)
Marko Dano (Fractured Left Foot Injury), Marcus Hogberg (Healthy), Matt Tomkins (Healthy)
Patriotes
5 vs 5 Forward
Center Left Wing Right Wing Time % Phy DF OF
1 Cody Eakin Jason Zucker Tyler Kennedy 40 1 2 2
2 Christian Hanson Matt Calvert Andrew Gordon 30 1 2 2
3 Aleksander Barkov Justin Florek Tyler Randell 20 1 2 2
4 Jared Knight Austin Watson Emerson Etem 10 1 2 2
5 vs 5 Defense
Defense Defense Time % Phy DF OF
1 Timothy Kunes Shane Sims 40 1 2 2
2 David Kolomatis Shea Theodore 30 1 2 2
3 Dillon Heatherington Timothy Kunes 20 1 2 2
4 Shane Sims David Kolomatis 10 1 2 2
PowerPlay Forward
Center Left Wing Right Wing Time % Phy DF OF
1 Cody Eakin Jason Zucker Tyler Kennedy 60 1 2 2
2 Christian Hanson Matt Calvert Andrew Gordon 40 1 2 2
PowerPlay Defense
Defense Defense Time % Phy DF OF
1 Timothy Kunes Shane Sims 60 1 2 2
2 David Kolomatis Shea Theodore 40 1 2 2
Penalty Kill 4 Players Forward
Center Wing Time % Phy DF OF
1 Tyler Kennedy Cody Eakin 60 1 2 2
2 Andrew Gordon Jason Zucker 40 1 2 2
Penalty Kill 4 Players Defense
Defense Defense Time % Phy DF OF
1 Timothy Kunes Shane Sims 60 1 2 2
2 David Kolomatis Shea Theodore 40 1 2 2
Penalty Kill - 3 Players Forward
Forward Time % Phy DF OF
1 Tyler Kennedy 60 1 2 2
2 Cody Eakin 40 1 2 2
Penalty Kill - 3 Players Defense
Defense Defense Time % Phy DF OF
1 Timothy Kunes Shane Sims 60 1 2 2
2 David Kolomatis Shea Theodore 40 1 2 2
4 vs 4 Forward
Center Wing Time % Phy DF OF
1 Tyler Kennedy Cody Eakin 60 1 2 2
2 Andrew Gordon Jason Zucker 40 1 2 2
4 vs 4 Defense
Defense Defense Time % Phy DF OF
1 Timothy Kunes Shane Sims 60 1 2 2
2 David Kolomatis Shea Theodore 40 1 2 2
Last Minutes Offensive
Center Left Wing Right Wing Defense Defense
Cody Eakin Jason Zucker Tyler Kennedy Timothy Kunes Shane Sims
Last Minutes Defensive
Center Left Wing Right Wing Defense Defense
Cody Eakin Jason Zucker Tyler Kennedy Timothy Kunes Shane Sims
Goaltenders
Starting : Marek Schwarz
Backup : Thomas Greiss
Extra Forwards
Normal : Borna Rendulic, Dale Weise, Ryan Fitzgerald - PP : Borna Rendulic, Dale Weise - PK : Ryan Fitzgerald
Extra Defensemen
Normal : Dillon Heatherington, Shea Theodore, Timothy Kunes - PP : Dillon Heatherington - PK : Shea Theodore, Timothy Kunes
Penalty Shots
Tyler Kennedy, Cody Eakin, Andrew Gordon, Jason Zucker, Christian Hanson
Scratches
Anthony Bitetto (Healthy), Aaron Ness (Broken Bone (Right Leg) Injury), Andrei Vasilevskiy (Healthy), Phoenix Copley (Healthy)
% Time on Ice - Griffins
Lines # - Real PCT - Wanted PCT - Time Play
Normal Forward
1 - 30% - 35% - 13:17
2 - 29% - 35% - 13:06
3 - 25% - 20% - 11:00
4 - 16% - 10% - 7:13
Normal Defense
1 - 38% - 40% - 16:59
2 - 30% - 30% - 13:27
3 - 20% - 20% - 9:01
4 - 12% - 10% - 5:09
PP Forward
1 - 60% - 60% - 2:35
2 - 40% - 40% - 1:45
PP Defense
1 - 60% - 60% - 2:37
2 - 40% - 40% - 1:43
PK Forward
1 - 79% - 60% - 7:31
2 - 21% - 40% - 2:01
PK Defense
1 - 63% - 60% - 5:59
2 - 37% - 40% - 3:33
PK3 Forward
1 - 0% - 60%
2 - 0% - 40%
PK3 Defense
1 - 0% - 60%
2 - 0% - 40%
44 Forward
1 - 37% - 50% - 0:34
2 - 63% - 50% - 0:58
44 Defense
1 - 29% - 60% - 0:27
2 - 71% - 40% - 1:05
Last Minute Offensive - 0:00
Last Minute Defensive - 0:00
Total
Forward - 60:00
Defense - 60:00
|
% Time on Ice - Patriotes
Lines # - Real PCT - Wanted PCT - Time Play
Normal Forward
1 - 35% - 40% - 15:44
2 - 26% - 30% - 11:47
3 - 21% - 20% - 9:14
4 - 18% - 10% - 7:51
Normal Defense
1 - 37% - 40% - 16:21
2 - 37% - 30% - 16:18
3 - 20% - 20% - 8:55
4 - 7% - 10% - 3:02
PP Forward
1 - 57% - 60% - 5:26
2 - 43% - 40% - 4:06
PP Defense
1 - 67% - 60% - 6:26
2 - 33% - 40% - 3:06
PK Forward
1 - 93% - 60% - 4:03
2 - 7% - 40% - 0:17
PK Defense
1 - 70% - 60% - 3:03
2 - 30% - 40% - 1:17
PK3 Forward
1 - 0% - 60%
2 - 0% - 40%
PK3 Defense
1 - 0% - 60%
2 - 0% - 40%
44 Forward
1 - 67% - 60% - 1:02
2 - 33% - 40% - 0:30
44 Defense
1 - 63% - 60% - 0:58
2 - 37% - 40% - 0:34
Last Minute Offensive - 0:00
Last Minute Defensive - 0:00
Total
Forward - 60:00
Defense - 60:00
|
Play-by-Play
1st period
0:01 of 1st period - Cody Eakin wins face-off versus Jamie Arniel in neutral zone.
0:42 of 1st period - Icing by Timothy Kunes.
0:43 of 1st period - Quinton Howden wins face-off versus Aleksander Barkov in Patriotes zone.
0:46 of 1st period - Snap shot by J.T. Brown.
0:46 of 1st period - Shot Blocked by Timothy Kunes.
0:52 of 1st period - Wrist shot by J.T. Brown.
0:52 of 1st period - Stopped by Marek Schwarz with a rebound.
0:54 of 1st period - Snap shot by Nathan Oystrick.
0:54 of 1st period - Stopped by Marek Schwarz without a rebound.
0:55 of 1st period - Mark Jankowski wins face-off versus Jared Knight in Patriotes zone.
2:23 of 1st period - Snap shot by Tyler Kennedy.
2:23 of 1st period - Stopped by Jean-Francois Berube without a rebound.
2:24 of 1st period - Cody Eakin wins face-off versus Mark Jankowski in Griffins zone.
2:40 of 1st period - Bryan Young is hit by Shane Sims and loses puck.
2:58 of 1st period - David Kolomatis is hit by Brendan Woods.
3:13 of 1st period - Snap shot by Anton Slepyshev.
3:13 of 1st period - Shot Misses the Net.
4:28 of 1st period - Petter Granberg is hit by Cody Eakin and loses puck.
4:33 of 1st period - Snap shot by Tyler Kennedy.
4:33 of 1st period - Stopped by Jean-Francois Berube with a rebound.
4:35 of 1st period - Wrist shot by Cody Eakin.
4:35 of 1st period - Stopped by Jean-Francois Berube with a rebound.
4:37 of 1st period - Slapshot by David Kolomatis.
4:37 of 1st period - Stopped by Jean-Francois Berube with a rebound.
4:45 of 1st period - Snap shot by Jason Zucker.
4:45 of 1st period - Stopped by Jean-Francois Berube with a rebound.
4:47 of 1st period - Wrist shot by David Kolomatis.
4:47 of 1st period - Stopped by Jean-Francois Berube without a rebound.
4:48 of 1st period - Christian Hanson wins face-off versus Robert Dome in Griffins zone.
5:43 of 1st period - Wrist shot by Connor Brown.
5:43 of 1st period - Stopped by Marek Schwarz with a rebound.
6:35 of 1st period - Nathan Oystrick is hit by Jared Knight and loses puck.
6:49 of 1st period - Icing by Dillon Heatherington.
6:50 of 1st period - Ben Hanowski wins face-off versus Jared Knight in Patriotes zone.
7:46 of 1st period - Snap shot by Petr Pohl.
7:46 of 1st period - Shot Blocked by Timothy Kunes.
7:56 of 1st period - Christian Hanson is hit by Ben Hanowski and loses puck.
8:17 of 1st period - David Kolomatis is hit by Tye McGinn and loses puck.
8:53 of 1st period - Icing by Christian Hanson.
8:54 of 1st period - Christian Hanson wins face-off versus Quinton Howden in Patriotes zone.
9:01 of 1st period - Snap shot by J.T. Brown.
9:01 of 1st period - Shot Blocked by Shane Sims.
9:03 of 1st period - Slapshot by Bryan Young.
9:03 of 1st period - Shot Blocked by Timothy Kunes.
9:30 of 1st period - Bryan Young is hit by Tyler Kennedy and loses puck.
9:47 of 1st period - Wrist shot by Nathan Gerbe.
9:47 of 1st period - Shot Blocked by David Kolomatis.
9:51 of 1st period - Slapshot by Nathan Gerbe.
9:51 of 1st period - Stopped by Marek Schwarz with a rebound.
10:05 of 1st period - Wrist shot by Brendan Woods.
10:05 of 1st period - Shot Misses the Net.
10:07 of 1st period - Slapshot by Nathan Oystrick.
10:07 of 1st period - Stopped by Marek Schwarz with a rebound.
10:25 of 1st period - Slapshot by Emerson Etem.
10:25 of 1st period - Shot Blocked by J.T. Brown.
10:27 of 1st period - Wrist shot by Emerson Etem.
10:27 of 1st period - Stopped by Jean-Francois Berube with a rebound.
10:29 of 1st period - Wrist shot by Jared Knight.
10:29 of 1st period - Stopped by Jean-Francois Berube without a rebound.
10:30 of 1st period - Jason Zucker wins face-off versus Jamie Arniel in Griffins zone.
10:33 of 1st period - Snap shot by Cody Eakin.
10:33 of 1st period - Shot Misses the Net.
11:01 of 1st period - Snap shot by Tye McGinn.
11:01 of 1st period - Stopped by Marek Schwarz without a rebound.
11:02 of 1st period - Christian Hanson wins face-off versus Robert Dome in Patriotes zone.
11:10 of 1st period - Icing by Bryan Young.
11:11 of 1st period - Robert Dome wins face-off versus Cody Eakin in Griffins zone.
11:20 of 1st period - Snap shot by Ben Hanowski.
11:20 of 1st period - Stopped by Marek Schwarz with a rebound.
11:22 of 1st period - Snap shot by Bryan Young.
11:22 of 1st period - Shot Misses the Net.
12:16 of 1st period - Simon Despres is hit by Cody Eakin.
12:57 of 1st period - Off-side.
12:58 of 1st period - Jared Knight wins face-off versus Robert Dome in neutral zone.
13:03 of 1st period - Snap shot by Emerson Etem.
13:03 of 1st period - Shot Misses the Net.
13:47 of 1st period - Ty Wishart is hit by Shane Sims and loses puck.
14:06 of 1st period - Aleksander Barkov is hit by Robert Dome and loses puck.
14:33 of 1st period - Backhand shot by Petr Pohl.
14:33 of 1st period - Stopped by Marek Schwarz without a rebound.
14:34 of 1st period - Cody Eakin wins face-off versus Jamie Arniel in Patriotes zone.
14:34 of 1st period - Cody Eakin is hit by Jamie Arniel.
14:40 of 1st period - Snap shot by Cody Eakin.
14:40 of 1st period - Stopped by Jean-Francois Berube with a rebound.
15:50 of 1st period - Snap shot by Anton Slepyshev.
15:50 of 1st period - Deflect By Mark Jankowski.
15:50 of 1st period - Shot Misses the Net.
15:50 of 1st period - Puck is out of play.
15:51 of 1st period - Christian Hanson wins face-off versus Jamie Arniel in Patriotes zone.
15:56 of 1st period - Jamie Arniel is hit by Matt Calvert and loses puck.
16:36 of 1st period - J.T. Brown is hit by Austin Watson and loses puck.
16:48 of 1st period - Ty Wishart is hit by Jared Knight and loses puck.
17:05 of 1st period - Simon Despres is hit by Emerson Etem and loses puck.
17:19 of 1st period - Slapshot by David Kolomatis.
17:19 of 1st period - Stopped by Jean-Francois Berube without a rebound.
17:20 of 1st period - Jamie Arniel wins face-off versus Christian Hanson in Griffins zone.
17:37 of 1st period - Jamie Arniel is hit by Christian Hanson and loses puck.
17:52 of 1st period - Wrist shot by Aleksander Barkov.
17:52 of 1st period - Shot Misses the Net.
17:54 of 1st period - Slapshot by Timothy Kunes.
17:54 of 1st period - Deflect By Tye McGinn.
17:54 of 1st period - Stopped by Jean-Francois Berube with a rebound.
18:06 of 1st period - Snap shot by Tye McGinn.
18:06 of 1st period - Stopped by Marek Schwarz with a rebound.
18:13 of 1st period - Off-side.
18:14 of 1st period - Robert Dome wins face-off versus Christian Hanson in neutral zone.
18:59 of 1st period - Brendan Woods is hit by Aleksander Barkov and loses puck.
19:18 of 1st period - Shea Theodore is hit by Petter Granberg.
19:36 of 1st period - Snap shot by Nathan Gerbe.
19:36 of 1st period - Shot Misses the Net.
19:57 of 1st period - Icing by Nathan Gerbe.
19:58 of 1st period - Cody Eakin wins face-off versus Ben Hanowski in Griffins zone.
Goals for this period are 0 for Griffins vs 0 for Patriotes.
Shots for this period are 9 for Griffins vs 11 for Patriotes.
2nd period
0:01 of 2nd period - Jamie Arniel wins face-off versus Cody Eakin in neutral zone.
0:22 of 2nd period - Minor Penalty to Jamie Arniel for Tripping.
0:23 of 2nd period - Petr Pohl wins face-off versus Cody Eakin in Griffins zone.
2:12 of 2nd period - Shane Sims is hit by Simon Despres and loses puck.
2:22 of 2nd period - Penalty to Jamie Arniel is over, Jamie Arniel is back on ice.
2:35 of 2nd period - Justin Florek is hit by Anton Slepyshev and loses puck.
3:24 of 2nd period - Wrist shot by Tye McGinn.
3:24 of 2nd period - Shot Misses the Net.
3:26 of 2nd period - Slapshot by Petter Granberg.
3:26 of 2nd period - Shot Blocked by Tyler Randell.
3:28 of 2nd period - Snap shot by Tye McGinn.
3:28 of 2nd period - Shot Misses the Net.
3:30 of 2nd period - Slapshot by Jamie Arniel.
3:30 of 2nd period - Shot Misses the Net.
3:40 of 2nd period - Slapshot by Connor Brown.
3:40 of 2nd period - Shot Misses the Net.
3:42 of 2nd period - Snap shot by Bryan Young.
3:42 of 2nd period - Shot Blocked by Christian Hanson.
4:00 of 2nd period - Tyler Randell is hit by Anton Slepyshev and loses puck.
4:07 of 2nd period - Wrist shot by Mark Jankowski.
4:07 of 2nd period - Shot Misses the Net.
4:16 of 2nd period - Icing by Cody Eakin.
4:17 of 2nd period - Cody Eakin wins face-off versus Jamie Arniel in Patriotes zone.
4:24 of 2nd period - Bryan Young is hit by Emerson Etem and loses puck.
4:47 of 2nd period - Bryan Young is hit by Timothy Kunes.
5:11 of 2nd period - Nathan Oystrick is hit by Tyler Kennedy and loses puck.
5:26 of 2nd period - Snap shot by Quinton Howden.
5:26 of 2nd period - Stopped by Marek Schwarz without a rebound.
5:27 of 2nd period - Christian Hanson wins face-off versus Quinton Howden in Patriotes zone.
6:35 of 2nd period - Snap shot by Tyler Randell.
6:35 of 2nd period - Shot Misses the Net.
6:52 of 2nd period - Wrist shot by Connor Brown.
6:52 of 2nd period - Shot Blocked by Tyler Randell.
6:54 of 2nd period - Slapshot by Keith Seabrook.
6:54 of 2nd period - Stopped by Marek Schwarz with a rebound.
6:56 of 2nd period - Slapshot by Nathan Oystrick.
6:56 of 2nd period - Shot Misses the Net.
6:58 of 2nd period - Wrist shot by J.T. Brown.
6:58 of 2nd period - Goal by J.T. Brown - Griffins : 1 - Patriotes : 0.
6:59 of 2nd period - Robert Dome wins face-off versus Cody Eakin in neutral zone.
7:02 of 2nd period - Slapshot by Nathan Gerbe.
7:02 of 2nd period - Shot Misses the Net.
7:04 of 2nd period - Minor Penalty to Cody Eakin for Slashing.
7:05 of 2nd period - Tyler Kennedy wins face-off versus Jamie Arniel in Patriotes zone.
7:32 of 2nd period - Tyler Kennedy is hit by Petter Granberg and loses puck.
7:39 of 2nd period - Snap shot by Robert Dome.
7:39 of 2nd period - Goal by Robert Dome - Griffins : 2 - Patriotes : 0.
7:40 of 2nd period - Jamie Arniel wins face-off versus Matt Calvert in neutral zone.
7:45 of 2nd period - Slapshot by Petr Pohl.
7:45 of 2nd period - Stopped by Marek Schwarz without a rebound.
7:46 of 2nd period - Jamie Arniel wins face-off versus Christian Hanson in Patriotes zone.
7:47 of 2nd period - Slapshot by Tye McGinn.
7:47 of 2nd period - Stopped by Marek Schwarz without a rebound.
7:48 of 2nd period - Christian Hanson wins face-off versus Jamie Arniel in Patriotes zone.
8:09 of 2nd period - Minor Penalty to Petr Pohl for Tripping.
8:10 of 2nd period - Jamie Arniel wins face-off versus Cody Eakin in Griffins zone.
8:10 of 2nd period - Jamie Arniel is hit by Jason Zucker.
8:34 of 2nd period - Jamie Arniel is hit by Jason Zucker.
8:44 of 2nd period - Wrist shot by Jason Zucker.
8:44 of 2nd period - Goal by Jason Zucker - Griffins : 2 - Patriotes : 1.
8:45 of 2nd period - Matt Calvert wins face-off versus Robert Dome in neutral zone.
8:50 of 2nd period - Snap shot by Christian Hanson.
8:50 of 2nd period - Goal by Christian Hanson - Griffins : 2 - Patriotes : 2.
8:51 of 2nd period - Robert Dome wins face-off versus Jason Zucker in neutral zone.
8:54 of 2nd period - Snap shot by Bryan Young.
8:54 of 2nd period - Shot Misses the Net.
8:56 of 2nd period - Slapshot by Simon Despres.
8:56 of 2nd period - Stopped by Marek Schwarz with a rebound.
8:58 of 2nd period - Slapshot by Bryan Young.
8:58 of 2nd period - Deflect By Robert Dome.
8:58 of 2nd period - Stopped by Marek Schwarz with a rebound.
9:04 of 2nd period - Wrist shot by Ben Hanowski.
9:04 of 2nd period - Stopped by Marek Schwarz with a rebound.
9:06 of 2nd period - Snap shot by Bryan Young.
9:06 of 2nd period - Deflect By Ben Hanowski.
9:06 of 2nd period - Shot Misses the Net.
9:06 of 2nd period - Puck is out of play.
9:07 of 2nd period - Jamie Arniel wins face-off versus Christian Hanson in Patriotes zone.
10:12 of 2nd period - Slapshot by Simon Despres.
10:12 of 2nd period - Deflect By Petr Pohl.
10:12 of 2nd period - Shot Blocked by Shea Theodore.
10:12 of 2nd period - Puck is out of play.
10:13 of 2nd period - Jared Knight wins face-off versus Jamie Arniel in Patriotes zone.
10:13 of 2nd period - Jared Knight is hit by Jamie Arniel.
10:39 of 2nd period - Nathan Gerbe is hit by Timothy Kunes and loses puck.
11:37 of 2nd period - Minor Penalty to Justin Florek for Roughing.
11:38 of 2nd period - Tyler Kennedy wins face-off versus Jamie Arniel in Patriotes zone.
11:55 of 2nd period - Icing by Tye McGinn.
11:56 of 2nd period - Jamie Arniel wins face-off versus Tyler Kennedy in Griffins zone.
12:00 of 2nd period - Off-side.
12:01 of 2nd period - Jamie Arniel wins face-off versus Tyler Kennedy in neutral zone.
12:06 of 2nd period - Slapshot by Petter Granberg.
12:06 of 2nd period - Deflect By Jamie Arniel.
12:06 of 2nd period - Shot Misses the Net.
12:06 of 2nd period - Puck is out of play.
12:07 of 2nd period - Tyler Kennedy wins face-off versus Jamie Arniel in Patriotes zone.
12:07 of 2nd period - Tyler Kennedy is hit by Petter Granberg.
12:19 of 2nd period - Snap shot by Tye McGinn.
12:19 of 2nd period - Stopped by Marek Schwarz with a rebound.
12:21 of 2nd period - Slapshot by Tye McGinn.
12:21 of 2nd period - Stopped by Marek Schwarz without a rebound.
12:22 of 2nd period - Jamie Arniel wins face-off versus Tyler Kennedy in Patriotes zone.
12:47 of 2nd period - Cody Eakin is hit by Ben Hanowski and loses puck.
12:54 of 2nd period - Wrist shot by Robert Dome.
12:54 of 2nd period - Stopped by Marek Schwarz with a rebound.
12:56 of 2nd period - Slapshot by Ben Hanowski.
12:56 of 2nd period - Griffins goal is going for a video replay.
12:56 of 2nd period - The goal is good.
12:56 of 2nd period - Goal by Ben Hanowski - Griffins : 3 - Patriotes : 2.
12:57 of 2nd period - Christian Hanson wins face-off versus Robert Dome in neutral zone.
12:57 of 2nd period - Matt Calvert is hit by Simon Despres and loses puck.
13:08 of 2nd period - Wrist shot by Christian Hanson.
13:08 of 2nd period - Stopped by Jean-Francois Berube with a rebound.
13:10 of 2nd period - Backhand shot by Andrew Gordon.
13:10 of 2nd period - Stopped by Jean-Francois Berube without a rebound.
13:11 of 2nd period - Cody Eakin wins face-off versus Tye McGinn in Griffins zone.
13:16 of 2nd period - Slapshot by Tyler Kennedy.
13:16 of 2nd period - Stopped by Jean-Francois Berube with a rebound.
13:18 of 2nd period - Minor Penalty to Simon Despres for Holding.
13:19 of 2nd period - Jamie Arniel wins face-off versus Cody Eakin in Griffins zone.
13:50 of 2nd period - Slapshot by Timothy Kunes.
13:50 of 2nd period - Shot Misses the Net.
13:52 of 2nd period - Snap shot by Matt Calvert.
13:52 of 2nd period - Goal by Matt Calvert - Griffins : 3 - Patriotes : 3.
13:53 of 2nd period - Jamie Arniel wins face-off versus Cody Eakin in neutral zone.
13:58 of 2nd period - Slapshot by Tye McGinn.
13:58 of 2nd period - Goal by Tye McGinn - Griffins : 4 - Patriotes : 3.
13:59 of 2nd period - Cody Eakin wins face-off versus Robert Dome in neutral zone.
14:26 of 2nd period - Christian Hanson is hit by Jamie Arniel and loses puck.
14:33 of 2nd period - Snap shot by Petr Pohl.
14:33 of 2nd period - Stopped by Marek Schwarz with a rebound.
14:35 of 2nd period - Wrist shot by Bryan Young.
14:35 of 2nd period - Stopped by Marek Schwarz without a rebound.
14:36 of 2nd period - Jamie Arniel wins face-off versus Cody Eakin in Patriotes zone.
14:37 of 2nd period - Snap shot by Petr Pohl.
14:37 of 2nd period - Shot Misses the Net.
15:01 of 2nd period - Bryan Young is hit by Shea Theodore and loses puck.
15:17 of 2nd period - Icing by Ben Hanowski.
15:18 of 2nd period - Robert Dome wins face-off versus Aleksander Barkov in Griffins zone.
15:25 of 2nd period - Wrist shot by Petr Pohl.
15:25 of 2nd period - Shot Misses the Net.
15:27 of 2nd period - Wrist shot by Petr Pohl.
15:27 of 2nd period - Goal by Petr Pohl - Griffins : 5 - Patriotes : 3.
15:28 of 2nd period - Robert Dome wins face-off versus Cody Eakin in neutral zone.
15:31 of 2nd period - Slapshot by Ty Wishart.
15:31 of 2nd period - Shot Misses the Net.
15:33 of 2nd period - Snap shot by Ben Hanowski.
15:33 of 2nd period - Shot Misses the Net.
15:35 of 2nd period - Slapshot by Petter Granberg.
15:35 of 2nd period - Shot Misses the Net.
15:37 of 2nd period - Slapshot by Ben Hanowski.
15:37 of 2nd period - Stopped by Marek Schwarz with a rebound.
15:54 of 2nd period - Icing by Petter Granberg.
15:55 of 2nd period - Ben Hanowski wins face-off versus Christian Hanson in Griffins zone.
16:20 of 2nd period - Petter Granberg is hit by Aleksander Barkov.
17:18 of 2nd period - Minor Penalty to Tye McGinn for Hooking.
17:19 of 2nd period - Jamie Arniel wins face-off versus Cody Eakin in Griffins zone.
17:45 of 2nd period - Minor Penalty to Andrew Gordon for Hooking.
17:46 of 2nd period - Tyler Kennedy wins face-off versus Jamie Arniel in Patriotes zone.
17:53 of 2nd period - Wrist shot by Tyler Kennedy.
17:53 of 2nd period - Stopped by Jean-Francois Berube with a rebound.
18:01 of 2nd period - Timothy Kunes is hit by Jamie Arniel and loses puck.
19:08 of 2nd period - Ben Hanowski is hit by Dale Weise and loses puck.
19:18 of 2nd period - Penalty to Tye McGinn is over, Tye McGinn is back on ice.
19:45 of 2nd period - Penalty to Andrew Gordon is over, Andrew Gordon is back on ice.
19:57 of 2nd period - Wrist shot by Aleksander Barkov.
19:57 of 2nd period - Shot Blocked by Ty Wishart.
Goals for this period are 5 for Griffins vs 3 for Patriotes.
Shots for this period are 18 for Griffins vs 7 for Patriotes.
3rd period
0:01 of 3rd period - Cody Eakin wins face-off versus Robert Dome in neutral zone.
0:04 of 3rd period - Snap shot by Jason Zucker.
0:04 of 3rd period - Deflect By Cody Eakin.
0:04 of 3rd period - Stopped by Jean-Francois Berube with a rebound.
0:06 of 3rd period - Wrist shot by Cody Eakin.
0:06 of 3rd period - Stopped by Jean-Francois Berube with a rebound.
0:08 of 3rd period - Slapshot by Tyler Kennedy.
0:08 of 3rd period - Deflect By Simon Despres.
0:08 of 3rd period - Shot Misses the Net.
0:08 of 3rd period - Puck is out of play.
0:09 of 3rd period - Robert Dome wins face-off versus Cody Eakin in Griffins zone.
0:19 of 3rd period - Snap shot by Jason Zucker.
0:19 of 3rd period - Stopped by Jean-Francois Berube with a rebound.
0:21 of 3rd period - Slapshot by Shane Sims.
0:21 of 3rd period - Stopped by Jean-Francois Berube with a rebound.
0:23 of 3rd period - Snap shot by Tyler Kennedy.
0:23 of 3rd period - Deflect By Jason Zucker.
0:23 of 3rd period - Stopped by Jean-Francois Berube with a rebound.
0:29 of 3rd period - Wrist shot by Tyler Kennedy.
0:29 of 3rd period - Stopped by Jean-Francois Berube without a rebound.
0:30 of 3rd period - Jamie Arniel wins face-off versus Andrew Gordon in Griffins zone.
1:25 of 3rd period - Slapshot by Shane Sims.
1:25 of 3rd period - Stopped by Jean-Francois Berube without a rebound.
1:26 of 3rd period - Jamie Arniel wins face-off versus Jared Knight in Griffins zone.
3:01 of 3rd period - Wrist shot by Jason Zucker.
3:01 of 3rd period - Stopped by Jean-Francois Berube with a rebound.
3:18 of 3rd period - Wrist shot by Quinton Howden.
3:18 of 3rd period - Shot Misses the Net.
3:38 of 3rd period - Wrist shot by Ben Hanowski.
3:38 of 3rd period - Stopped by Marek Schwarz with a rebound.
3:40 of 3rd period - Backhand shot by Petter Granberg.
3:40 of 3rd period - Deflect By Nathan Gerbe.
3:40 of 3rd period - Shot Misses the Net.
3:40 of 3rd period - Puck is out of play.
3:41 of 3rd period - Jamie Arniel wins face-off versus Cody Eakin in Patriotes zone.
3:42 of 3rd period - Snap shot by Tye McGinn.
3:42 of 3rd period - Stopped by Marek Schwarz without a rebound.
3:43 of 3rd period - Cody Eakin wins face-off versus Jamie Arniel in Patriotes zone.
4:08 of 3rd period - Andrew Gordon is hit by Robert Dome and loses puck.
4:17 of 3rd period - Wrist shot by Nathan Gerbe.
4:17 of 3rd period - Shot Blocked by Dillon Heatherington.
4:19 of 3rd period - Wrist shot by Nathan Gerbe.
4:19 of 3rd period - Stopped by Marek Schwarz with a rebound.
4:43 of 3rd period - Slapshot by Tyler Randell.
4:43 of 3rd period - Deflect By Aleksander Barkov.
4:43 of 3rd period - Shot Misses the Net.
4:43 of 3rd period - Puck is out of play.
4:44 of 3rd period - Cody Eakin wins face-off versus Jamie Arniel in Griffins zone.
4:45 of 3rd period - Slapshot by Tyler Kennedy.
4:45 of 3rd period - Stopped by Jean-Francois Berube with a rebound.
4:47 of 3rd period - Slapshot by Tyler Kennedy.
4:47 of 3rd period - Stopped by Jean-Francois Berube without a rebound.
4:48 of 3rd period - Jamie Arniel wins face-off versus Cody Eakin in Griffins zone.
4:50 of 3rd period - Minor Penalty to Petr Pohl for Hooking.
4:51 of 3rd period - Cody Eakin wins face-off versus Jamie Arniel in Griffins zone.
4:51 of 3rd period - Backhand shot by Tyler Kennedy.
4:51 of 3rd period - Shot Blocked by Ty Wishart.
6:50 of 3rd period - Penalty to Petr Pohl is over, Petr Pohl is back on ice.
6:58 of 3rd period - Snap shot by Nathan Gerbe.
6:58 of 3rd period - Stopped by Marek Schwarz without a rebound.
6:59 of 3rd period - Quinton Howden wins face-off versus Aleksander Barkov in Patriotes zone.
7:11 of 3rd period - Off-side.
7:12 of 3rd period - Cody Eakin wins face-off versus Jamie Arniel in neutral zone.
7:26 of 3rd period - Minor Penalty to Nathan Oystrick for Hooking.
7:27 of 3rd period - Jamie Arniel wins face-off versus Cody Eakin in Griffins zone.
7:52 of 3rd period - Timothy Kunes is hit by Ty Wishart and loses puck.
7:59 of 3rd period - Wrist shot by Christian Hanson.
7:59 of 3rd period - Stopped by Jean-Francois Berube with a rebound.
8:01 of 3rd period - Snap shot by Andrew Gordon.
8:01 of 3rd period - Shot Blocked by Bryan Young.
9:26 of 3rd period - Penalty to Nathan Oystrick is over, Nathan Oystrick is back on ice.
9:59 of 3rd period - Wrist shot by Emerson Etem.
9:59 of 3rd period - Stopped by Jean-Francois Berube with a rebound.
10:01 of 3rd period - Snap shot by Jared Knight.
10:01 of 3rd period - Shot Misses the Net.
10:03 of 3rd period - Slapshot by David Kolomatis.
10:03 of 3rd period - Stopped by Jean-Francois Berube with a rebound.
10:21 of 3rd period - Minor Penalty to J.T. Brown for Tripping.
10:22 of 3rd period - Jamie Arniel wins face-off versus Cody Eakin in Griffins zone.
10:57 of 3rd period - Snap shot by Matt Calvert.
10:57 of 3rd period - Deflect By Tye McGinn.
10:57 of 3rd period - Stopped by Jean-Francois Berube with a rebound.
12:05 of 3rd period - Snap shot by Shane Sims.
12:05 of 3rd period - Stopped by Jean-Francois Berube without a rebound.
12:06 of 3rd period - Cody Eakin wins face-off versus Mark Jankowski in Griffins zone.
12:21 of 3rd period - Penalty to J.T. Brown is over, J.T. Brown is back on ice.
12:24 of 3rd period - Shea Theodore is hit by Jamie Arniel and loses puck.
12:29 of 3rd period - Snap shot by J.T. Brown.
12:29 of 3rd period - Shot Blocked by Jason Zucker.
12:31 of 3rd period - Slapshot by Simon Despres.
12:31 of 3rd period - Stopped by Marek Schwarz with a rebound.
12:33 of 3rd period - Slapshot by Ben Hanowski.
12:33 of 3rd period - Stopped by Marek Schwarz with a rebound.
12:35 of 3rd period - Snap shot by Jamie Arniel.
12:35 of 3rd period - Stopped by Marek Schwarz without a rebound.
12:36 of 3rd period - Quinton Howden wins face-off versus Aleksander Barkov in Patriotes zone.
12:46 of 3rd period - Off-side.
12:47 of 3rd period - Christian Hanson wins face-off versus Quinton Howden in neutral zone.
12:52 of 3rd period - Slapshot by Christian Hanson.
12:52 of 3rd period - Stopped by Jean-Francois Berube without a rebound.
12:53 of 3rd period - Christian Hanson wins face-off versus Quinton Howden in Griffins zone.
13:43 of 3rd period - Snap shot by Emerson Etem.
13:43 of 3rd period - Shot Misses the Net.
14:17 of 3rd period - Quinton Howden is hit by Justin Florek and loses puck.
15:33 of 3rd period - Minor Penalty to Christian Hanson for Boarding.
15:34 of 3rd period - Tyler Kennedy wins face-off versus Jamie Arniel in Patriotes zone.
17:33 of 3rd period - Penalty to Christian Hanson is over, Christian Hanson is back on ice.
18:01 of 3rd period - Christian Hanson is hit by J.T. Brown.
Goals for this period are 0 for Griffins vs 0 for Patriotes.
Shots for this period are 7 for Griffins vs 16 for Patriotes.
Back to the Top